TOP OF THE 1ST |
Los Angeles Angels batting - Pitching for Seattle Mariners : RHP Dylan Bundy
|
Pitching: RHP Dylan Bundy
|
|
Batting: RHB Kevin Pillar
|
0-0: Ball 1-0: Ball 2-0: Bunt for hit - play at first, batter OUT! 1-3
|
Batting: LHB Kevin Kiermaier
|
0-0: Ball 1-0: SINGLE (Groundball, 34D)
|
Batting: RHB Trevor Story
|
0-0: Called Strike 0-1: Ball 1-1: Fly out, F6 (Popup, 4M)
|
Batting: RHB Wil Myers
|
0-0: Called Strike 0-1: Fielders Choice at 2nd, 6-4 (Groundball, 6)
|
Top of the 1st over - 0 runs, 1 hit, 0 errors, 1 left on base; Los Angeles 0 - Seattle 0 |
BOTTOM OF THE 1ST |
Seattle Mariners batting - Pitching for Los Angeles Angels : RHP Kyle Hendricks
|
Pitching: RHP Kyle Hendricks
|
|
Batting: LHB Ben Revere
|
0-0: Ball 1-0: Bunt for hit - play at first, batter safe!
|
Batting: RHB Cameron Maybin
|
0-0: SINGLE (Groundball, 56D) Ben Revere to second
|
Batting: RHB Manny Machado
|
0-0: Ball 1-0: Ball 2-0: Foul Ball, location: 2F 2-1: 3-RUN HOME RUN (Flyball, 78XD), Distance : 400 ft
|
Batting: RHB Kris Bryant
|
0-0: Fly out, F8 (Flyball, 8LM)
|
Batting: RHB Yadier Molina
|
0-0: Called Strike 0-1: Foul Ball, location: 2F 0-2: Ground out 6-3 (Groundball, 6)
|
Batting: RHB Yunel Escobar
|
0-0: Called Strike 0-1: Foul Ball, location: 2F 0-2: Ball 1-2: Foul Ball, location: 2F 1-2: Ball 2-2: Fly out, F9 (Flyball, 89S)
|
Bottom of the 1st over - 3 runs, 3 hits, 0 errors, 0 left on base; Los Angeles 0 - Seattle 3 |
TOP OF THE 2ND |
Los Angeles Angels batting - Pitching for Seattle Mariners : RHP Dylan Bundy
|
Batting: LHB Jason Kipnis
|
0-0: Ball 1-0: Ball 2-0: SOLO HOME RUN (Line Drive, 78XD), Distance : 435 ft
|
Batting: RHB Tyler Austin
|
0-0: Ball 1-0: Ball 2-0: Foul Ball, location: 2F 2-1: Called Strike 2-2: Ground out U3 (Groundball, 3L)
|
Batting: RHB Wilmer Flores
|
0-0: Ground out 4-3 (Groundball, 4S)
|
Batting: RHB Evan Longoria
|
0-0: Ball 1-0: Called Strike 1-1: Fly out, F5 (Popup, 5SF)
|
Top of the 2nd over - 1 run, 1 hit, 0 errors, 0 left on base; Los Angeles 1 - Seattle 3 |
BOTTOM OF THE 2ND |
Seattle Mariners batting - Pitching for Los Angeles Angels : RHP Kyle Hendricks
|
Batting: LHB Brandon Nimmo
|
0-0: Foul Ball, location: 2F 0-1: Foul Ball, location: 2F 0-2: Strikes out swinging
|
Batting: RHB Christian Villanueva
|
0-0: Called Strike 0-1: Swinging Strike 0-2: Strikes out swinging
|
Batting: LHB Preston Tucker
|
0-0: Ball 1-0: Called Strike 1-1: Ball 2-1: Ball 3-1: Called Strike 3-2: Foul Ball, location: 2F 3-2: SOLO HOME RUN (Flyball, 9LD), Distance : 335 ft
|
Batting: LHB Ben Revere
|
0-0: Fly out, F8 (Flyball, 8LD)
|
Bottom of the 2nd over - 1 run, 1 hit, 0 errors, 0 left on base; Los Angeles 1 - Seattle 4 |
TOP OF THE 3RD |
Los Angeles Angels batting - Pitching for Seattle Mariners : RHP Dylan Bundy
|
Batting: LHB Chase Utley
|
0-0: Ball 1-0: Called Strike 1-1: Swinging Strike 1-2: Strikes out swinging
|
Batting: RHB Kevin Pillar
|
0-0: Ground out 6-3 (Groundball, 6)
|
Batting: LHB Kevin Kiermaier
|
0-0: Ground out 4-3 (Groundball, 4)
|
Top of the 3rd over - 0 runs, 0 hits, 0 errors, 0 left on base; Los Angeles 1 - Seattle 4 |
BOTTOM OF THE 3RD |
Seattle Mariners batting - Pitching for Los Angeles Angels : RHP Kyle Hendricks
|
Batting: RHB Cameron Maybin
|
0-0: Bunt - Flyout! F5
|
Batting: RHB Manny Machado
|
0-0: Ball 1-0: Foul Ball, location: 2F 1-1: Swinging Strike 1-2: SOLO HOME RUN (Flyball, 7LD), Distance : 338 ft
|
Batting: RHB Kris Bryant
|
0-0: Ball 1-0: Called Strike 1-1: SOLO HOME RUN (Flyball, 7D), Distance : 376 ft
|
Batting: RHB Yadier Molina
|
0-0: Ball 1-0: Swinging Strike 1-1: Foul Ball, location: 2F 1-2: Foul Ball, location: 2F 1-2: Fly out, F3 (Line Drive, 3)
|
Batting: RHB Yunel Escobar
|
0-0: Ball 1-0: Foul Ball, location: 2F 1-1: Ball 2-1: Ball 3-1: Base on Balls
|
Batting: LHB Brandon Nimmo
|
0-0: Called Strike 0-1: Called Strike 0-2: Foul Ball, location: 2F 0-2: Hit by Pitch Yunel Escobar to second
|
Batting: RHB Christian Villanueva
|
0-0: Swinging Strike 0-1: Hit by Pitch Yunel Escobar to third Brandon Nimmo to second
|
Batting: LHB Preston Tucker
|
0-0: Ground out U3 (Groundball, 3)
|
Bottom of the 3rd over - 2 runs, 2 hits, 0 errors, 3 left on base; Los Angeles 1 - Seattle 6 |
TOP OF THE 4TH |
Los Angeles Angels batting - Pitching for Seattle Mariners : RHP Dylan Bundy
|
Batting: RHB Trevor Story
|
0-0: Called Strike 0-1: Called Strike 0-2: Ball 1-2: Foul Ball, location: 2F 1-2: Strikes out swinging
|
Batting: RHB Wil Myers
|
0-0: Ball 1-0: Ball 2-0: Called Strike 2-1: Foul Ball, location: 2F 2-2: Ball 3-2: Fly out, F8 (Flyball, 78D)
|
Batting: LHB Jason Kipnis
|
0-0: Ball 1-0: Ground out 6-3 (Groundball, 6)
|
Top of the 4th over - 0 runs, 0 hits, 0 errors, 0 left on base; Los Angeles 1 - Seattle 6 |
BOTTOM OF THE 4TH |
Seattle Mariners batting - Pitching for Los Angeles Angels : RHP Kyle Hendricks
|
Batting: LHB Ben Revere
|
0-0: Ground out 6-3 (Groundball, 6M)
|
Batting: RHB Cameron Maybin
|
0-0: Fly out, F3 (Popup, 3F)
|
Batting: RHB Manny Machado
|
0-0: Ball 1-0: Swinging Strike 1-1: Foul Ball, location: 2F 1-2: Ball 2-2: Foul Ball, location: 2F 2-2: Ball 3-2: Fly out, F7 (Line Drive, 7)
|
Bottom of the 4th over - 0 runs, 0 hits, 0 errors, 0 left on base; Los Angeles 1 - Seattle 6 |
TOP OF THE 5TH |
Los Angeles Angels batting - Pitching for Seattle Mariners : RHP Dylan Bundy
|
Batting: RHB Tyler Austin
|
0-0: Ball 1-0: Ground out 6-3 (Groundball, 6)
|
Batting: RHB Wilmer Flores
|
0-0: Ground out 4-3 (Groundball, 4)
|
Batting: RHB Evan Longoria
|
0-0: Ball 1-0: Ball 2-0: Swinging Strike 2-1: Ball 3-1: Fly out, F6 (Popup, 4MD)
|
Top of the 5th over - 0 runs, 0 hits, 0 errors, 0 left on base; Los Angeles 1 - Seattle 6 |
BOTTOM OF THE 5TH |
Seattle Mariners batting - Pitching for Los Angeles Angels : RHP Kyle Hendricks
|
Batting: RHB Kris Bryant
|
0-0: Ball 1-0: Called Strike 1-1: SINGLE (Line Drive, 78S)
|
Batting: RHB Yadier Molina
|
0-0: Grounds into double play, 6-4-3 (Groundball, 6)
|
Batting: RHB Yunel Escobar
|
0-0: Foul Ball, location: 2F 0-1: Ball 1-1: Ball 2-1: Fly out, F9 (Flyball, 89XD)
|
Bottom of the 5th over - 0 runs, 1 hit, 0 errors, 0 left on base; Los Angeles 1 - Seattle 6 |
TOP OF THE 6TH |
Los Angeles Angels batting - Pitching for Seattle Mariners : RHP Dylan Bundy
|
Batting: LHB Chase Utley
|
0-0: Called Strike 0-1: Ground out 6-3 (Groundball, 4M)
|
Batting: RHB Kevin Pillar
|
0-0: Called Strike 0-1: Called Strike 0-2: Strikes out swinging
|
Batting: LHB Kevin Kiermaier
|
0-0: Called Strike 0-1: Fly out, F8 (Flyball, 8LS)
|
Top of the 6th over - 0 runs, 0 hits, 0 errors, 0 left on base; Los Angeles 1 - Seattle 6 |
BOTTOM OF THE 6TH |
Seattle Mariners batting - Pitching for Los Angeles Angels : RHP Kyle Hendricks
|
Batting: LHB Brandon Nimmo
|
0-0: Called Strike 0-1: Foul Ball, location: 2F 0-2: Ball 1-2: Ball 2-2: Foul Ball, location: 2F 2-2: Ball 3-2: Foul Ball, location: 2F 3-2: Strikes out looking
|
Batting: RHB Christian Villanueva
|
0-0: Foul Ball, location: 2F 0-1: Ball 1-1: Fly out, F5 (Popup, 6S)
|
Batting: LHB Preston Tucker
|
0-0: Swinging Strike 0-1: Called Strike 0-2: Ball 1-2: Strikes out swinging
|
Bottom of the 6th over - 0 runs, 0 hits, 0 errors, 0 left on base; Los Angeles 1 - Seattle 6 |
TOP OF THE 7TH |
Los Angeles Angels batting - Pitching for Seattle Mariners : RHP Dylan Bundy
|
Batting: RHB Trevor Story
|
0-0: Ball 1-0: Swinging Strike 1-1: Called Strike 1-2: Ball 2-2: Ball 3-2: Ground out 6-3 (Groundball, 6M)
|
Batting: RHB Wil Myers
|
0-0: Foul Ball, location: 2F 0-1: Swinging Strike 0-2: Strikes out swinging
|
Batting: LHB Jason Kipnis
|
0-0: Ball 1-0: Ball 2-0: Fly out, F7 (Flyball, 7)
|
Top of the 7th over - 0 runs, 0 hits, 0 errors, 0 left on base; Los Angeles 1 - Seattle 6 |
BOTTOM OF THE 7TH |
Seattle Mariners batting - Pitching for Los Angeles Angels : RHP Kyle Hendricks
|
Batting: LHB Ben Revere
|
0-0: Swinging Strike 0-1: Foul Ball, location: 2F 0-2: Fly out, F6 (Popup, 6MD)
|
Batting: RHB Cameron Maybin
|
0-0: Ball 1-0: Foul Ball, location: 2F 1-1: Ball 2-1: Ball 3-1: SINGLE (Groundball, 56D)
|
Batting: RHB Manny Machado
|
0-0: Ball 1-0: Ball 2-0: Ball 3-0: Base on Balls Cameron Maybin to second
|
Pitching: LHP Matt Grace
|
|
Batting: RHB Kris Bryant
|
0-0: Ball Manny Machado steals 2nd base Cameron Maybin to third 1-0: Ball 2-0: Ball 3-0: Base on Balls
|
Batting: RHB Yadier Molina
|
0-0: Called Strike 0-1: SINGLE (Groundball, 56) (infield hit) Cameron Maybin scores Manny Machado to third Kris Bryant to second
|
Batting: RHB Yunel Escobar
|
0-0: Ball 1-0: Called Strike 1-1: Fly out, F8 (Line Drive, 8LM) Runner from 3rd tags up, SCORES, throw made
|
Batting: LHB Brandon Nimmo
|
0-0: Ground out U3 (Groundball, 3)
|
Bottom of the 7th over - 2 runs, 2 hits, 0 errors, 2 left on base; Los Angeles 1 - Seattle 8 |
TOP OF THE 8TH |
Los Angeles Angels batting - Pitching for Seattle Mariners : RHP Dylan Bundy
|
Batting: RHB Tyler Austin
|
0-0: Ball 1-0: Called Strike 1-1: Ball 2-1: Foul Ball, location: 2F 2-2: Strikes out swinging
|
Batting: RHB Wilmer Flores
|
0-0: Ball 1-0: Fly out, F9 (Flyball, 9D)
|
Batting: RHB Evan Longoria
|
0-0: Called Strike 0-1: Ball 1-1: DOUBLE (Line Drive, 89D)
|
Batting: LHB Chase Utley
|
0-0: Ball 1-0: Ball 2-0: Swinging Strike 2-1: Fly out, F9 (Line Drive, 9D)
|
Top of the 8th over - 0 runs, 1 hit, 0 errors, 1 left on base; Los Angeles 1 - Seattle 8 |
BOTTOM OF THE 8TH |
Seattle Mariners batting - Pitching for Los Angeles Angels : LHP Matt Grace
|
Batting: RHB Christian Villanueva
|
0-0: Called Strike 0-1: Swinging Strike 0-2: Ball 1-2: Strikes out looking
|
Batting: LHB Preston Tucker
|
0-0: Ball 1-0: Ball 2-0: Ball 3-0: Called Strike 3-1: Foul Ball, location: 2F 3-2: Ground out U3 (Groundball, 3)
|
Pinch Hitting: RHB Austin Romine
|
0-0: Ball 1-0: Swinging Strike 1-1: Foul Ball, location: 2F 1-2: Ground out 1-3 (Groundball, 15)
|
Bottom of the 8th over - 0 runs, 0 hits, 0 errors, 0 left on base; Los Angeles 1 - Seattle 8 |
TOP OF THE 9TH |
Los Angeles Angels batting - Pitching for Seattle Mariners : RHP Dylan Bundy
|
Now in LF: Matt Kemp
|
|
Batting: RHB Kevin Pillar
|
0-0: Called Strike 0-1: Ball 1-1: Ground out 6-3 (Groundball, 6)
|
Batting: LHB Kevin Kiermaier
|
0-0: Fly out, F9 (Flyball, 9LS)
|
Batting: RHB Trevor Story
|
0-0: Fly out, F7 (Flyball, 7S)
|
Top of the 9th over - 0 runs, 0 hits, 0 errors, 0 left on base; Los Angeles 1 - Seattle 8 |
|